Canucks vs Oilers

Created - April 14 2012 at 11:37

Goals
1 2 3 OT1 T
Canucks 0 3 0 1 4
Oilers 0 2 1 0 3
Shots
1 2 3 OT1 T
Canucks 8 13 6 2 29
Oilers 3 4 14 1 22

Period #1

No Goal

Penalties :
Alex Pietrangelo (VAN) for Tripping (Minor) at 2:49, Scott Nichol (EDM) for Tripping (Minor) at 5:02, Alex Pietrangelo (VAN) for Tripping (Minor) at 5:02, Scott Nichol (EDM) for Roughing (Minor) at 8:43

Period #2

1. Oilers , Dany Heatley 1 (Roman Hamrlik) at 0:28
2. Canucks , Corey Perry 3 (Erik Karlsson, Phil Kessel) at 1:42
3. Canucks , Fedor Tyutin 1 (David Backes, Matthew Carle) at 5:45 (PP)
4. Canucks , Maxime Talbot 1 (Tomas Holmstrom, Brooks Laich) at 10:08
5. Oilers , Roman Hamrlik 1 (Dany Heatley, Stephen Weiss) at 16:47 (PP)

Penalties :
Shane OBrien (EDM) for High sticking (Double Minor) at 4:12, Brooks Laich (VAN) for Boarding (Minor) at 16:23, Karlis Skrastins (EDM) for Roughing (Minor) at 18:50

Period #3

6. Oilers , Jochen Hecht 1 (Stephen Weiss, Adam Burish) at 12:01

Penalties :
Alex Pietrangelo (VAN) for Unsportsmanlike conduct (Major / Game Misconduct) at 2:41

Overtime #1

7. Canucks , Corey Perry 4 (Phil Kessel, Duncan Keith) at 4:03

Penalties :
Matthew Carle (VAN) for Tripping (Minor) at 0:34

Goalie Stats

Brian Boucher (VAN), 14 saves from 15 shots - (0.933), W, 1-0-0, 27:17 minutes
Henrik Lundqvist (VAN), 5 saves from 7 shots - (0.714), 36:47 minutes
Kari Lehtonen (EDM), 25 saves from 29 shots - (0.862), OTL, 1-1-1, 64:04 minutes

Players Stats

Canucks
Player Name              G  A  P  +/- PIM S  H  SB FO    MP 
------------------------------------------------------------
Alex Pietrangelo         0  0  0   0  19  3  0  0  0/0   15 
Brandon Sutter           0  0  0   0  0   0  0  0  6/10  5  
Brooks Laich             0  1  1   1  2   4  0  1  7/11  14 
Corey Perry              2  0  2   0  0   6  1  0  2/3   24 
David Backes             0  1  1   0  0   2  2  0  1/3   19 
Dmitry Kulikov           0  0  0   1  0   2  1  0  0/0   16 
Duncan Keith             0  1  1   0  0   0  1  1  0/0   26 
Erik Karlsson            0  1  1   1  0   1  1  0  0/0   24 
Fedor Tyutin             1  0  1   1  0   2  0  0  0/0   21 
James van Riemsdyk       0  0  0  -1  0   0  3  0  0/1   9  
Kris Russell             0  0  0   0  0   0  0  0  0/0   3  
Loui Eriksson            0  0  0   0  0   3  0  0  1/1   23 
Matthew Carle            0  1  1  -1  2   1  1  1  0/0   21 
Maxime Talbot            1  0  1   1  0   1  0  0  2/2   18 
Mikko Koivu              0  0  0  -1  0   0  0  0  15/23 24 
Phil Kessel              0  2  2   1  0   3  0  0  4/23  20 
Tomas Holmstrom          0  1  1   1  0   0  0  0  3/5   8  
Valtteri Filppula        0  0  0   1  0   1  1  1  0/0   19 
Oilers
Player Name              G  A  P  +/- PIM S  H  SB FO    MP 
------------------------------------------------------------
Adam Burish              0  1  1   1  0   1  0  0  1/2   16 
Alexandre Giroux         0  0  0   0  0   0  0  0  0/0   0  
Andrew Ladd              0  0  0  -2  0   1  0  0  1/1   22 
Brent Sopel              0  0  0   1  0   1  1  2  0/0   17 
Chris Phillips           0  0  0  -1  0   0  1  4  0/0   23 
Dany Heatley             1  1  2  -1  0   5  5  0  1/2   22 
Derek Roy                0  0  0  -1  0   1  1  0  14/29 22 
Jochen Hecht             1  0  1   1  0   5  0  0  0/1   19 
Karlis Skrastins         0  0  0  -1  2   0  0  0  0/0   22 
Michal Handzus           0  0  0  -1  0   0  0  0  5/6   7  
Mike Weaver              0  0  0  -2  0   0  4  3  0/0   23 
Peter Regin              0  0  0   0  0   0  0  0  0/0   4  
Radek Dvorak             0  0  0  -1  0   1  1  0  0/1   18 
Roman Hamrlik            1  1  2   0  0   1  2  0  0/0   24 
Scott Nichol             0  0  0   0  4   2  1  0  9/21  17 
Shane OBrien             0  0  0   1  4   0  2  0  0/0   17 
Stephen Weiss            0  2  2   1  0   4  0  0  10/18 22 
Steve Sullivan           0  0  0   0  0   0  2  0  0/1   15 

3 Stars

1 - Corey Perry (VAN)
2 - Dany Heatley (EDM)
3 - Roman Hamrlik (EDM)

Power Play

Canucks - 1 on 4 Attempt(s) - 25.00%
Oilers - 1 on 4 Attempt(s) - 25.00%

Penalty Kill

Canucks - 3 on 4 Attempt(s) - 75.00% - Score 0 goal in Penalty Kill
Oilers - 3 on 4 Attempt(s) - 75.00% - Score 0 goal in Penalty Kill

Game Notes

Brian Boucher enters game at 16:47 of 2nd period
Alex Pietrangelo ejected from game at 2:41 of 3rd period

Finance

Level 1 -- Attendance: 5827 (89.65%) -- Ticket Income $524,430.00
Level 2 -- Attendance: 5000 (100.00%) -- Ticket Income $235,000.00
Level 3 -- Attendance: 3500 (100.00%) -- Ticket Income $119,000.00
Level 4 -- Attendance: 839 (100.00%) -- Ticket Income $17,619.00
Luxury Box -- Attendance: 871 (87.10%) -- Ticket Income $165,490.00
Game was played at the Rexall Place
Total Attendance: 16037 (95.24%)
Total Ticket Income: $1,130,603.00
Other Income: $339,180.79
Total Income: $1,469,784.00


Play by Play

Period #1

0:01 of 1st period - Stephen Weiss wins face-off versus Phil Kessel in neutral zone.
0:14 of 1st period - Shot by Dany Heatley.
0:14 of 1st period - Shot Misses the Net.
0:26 of 1st period - Shot by Corey Perry.
0:26 of 1st period - Deflect By Phil Kessel.
0:26 of 1st period - Stopped by Kari Lehtonen without a rebound.
0:27 of 1st period - Mikko Koivu wins face-off versus Derek Roy in Oilers zone.
0:48 of 1st period - Shot by Andrew Ladd.
0:48 of 1st period - Stopped by Henrik Lundqvist with a rebound.
0:52 of 1st period - Shot by Derek Roy.
0:52 of 1st period - Stopped by Henrik Lundqvist without a rebound.
0:53 of 1st period - Maxime Talbot wins face-off versus Scott Nichol in Canucks zone.
0:55 of 1st period - Icing by Loui Eriksson.
0:56 of 1st period - Brooks Laich wins face-off versus Scott Nichol in Canucks zone.
1:01 of 1st period - Shot by Maxime Talbot.
1:01 of 1st period - Shot Misses the Net.
1:23 of 1st period - Shot by Dmitry Kulikov.
1:23 of 1st period - Stopped by Kari Lehtonen without a rebound.
1:24 of 1st period - Stephen Weiss wins face-off versus Phil Kessel in Oilers zone.
1:26 of 1st period - Icing by Dany Heatley.
1:27 of 1st period - Phil Kessel wins face-off versus Stephen Weiss in Oilers zone.
1:37 of 1st period - Phil Kessel is hit by Roman Hamrlik and loses puck.
2:06 of 1st period - Off-side.
2:07 of 1st period - Mikko Koivu wins face-off versus Radek Dvorak in neutral zone.
2:49 of 1st period - Minor Penalty to Alex Pietrangelo for Tripping.
2:50 of 1st period - Brandon Sutter wins face-off versus Stephen Weiss in Canucks zone.
2:50 of 1st period - Brandon Sutter is hit by Dany Heatley.
2:57 of 1st period - Icing by Chris Phillips.
2:58 of 1st period - Stephen Weiss wins face-off versus Brandon Sutter in Oilers zone.
4:33 of 1st period - Shot by Dany Heatley.
4:33 of 1st period - Stopped by Henrik Lundqvist without a rebound.
4:34 of 1st period - Brandon Sutter wins face-off versus Derek Roy in Canucks zone.
4:58 of 1st period - Jochen Hecht is hit by Duncan Keith and loses puck.
5:02 of 1st period - Minor Penalty to Scott Nichol for Tripping.
5:02 of 1st period - Minor Penalty to Alex Pietrangelo for Tripping.
5:03 of 1st period - Michal Handzus wins face-off versus Brandon Sutter in Canucks zone.
5:22 of 1st period - Shot by Erik Karlsson.
5:22 of 1st period - Shot Blocked by Mike Weaver.
5:54 of 1st period - Mikko Koivu is hit by Roman Hamrlik and loses puck.
6:09 of 1st period - Icing by Roman Hamrlik.
6:10 of 1st period - Stephen Weiss wins face-off versus Mikko Koivu in Oilers zone.
7:27 of 1st period - Shot by Corey Perry.
7:27 of 1st period - Stopped by Kari Lehtonen with a rebound.
7:29 of 1st period - Shot by Valtteri Filppula.
7:29 of 1st period - Stopped by Kari Lehtonen without a rebound.
7:30 of 1st period - Derek Roy wins face-off versus Brooks Laich in Oilers zone.
7:57 of 1st period - Shot by Brooks Laich.
7:57 of 1st period - Stopped by Kari Lehtonen with a rebound.
8:00 of 1st period - Maxime Talbot is hit by Mike Weaver and loses puck.
8:43 of 1st period - Minor Penalty to Scott Nichol for Roughing.
8:44 of 1st period - Phil Kessel wins face-off versus Derek Roy in Oilers zone.
8:51 of 1st period - Shot by Corey Perry.
8:51 of 1st period - Shot Misses the Net.
8:55 of 1st period - Shot by Corey Perry.
8:55 of 1st period - Shot Misses the Net.
8:57 of 1st period - Shot by Erik Karlsson.
8:57 of 1st period - Shot Blocked by Brent Sopel.
8:59 of 1st period - Shot by Alex Pietrangelo.
8:59 of 1st period - Stopped by Kari Lehtonen with a rebound.
9:58 of 1st period - Derek Roy is hit by David Backes and loses puck.
10:14 of 1st period - Icing by Phil Kessel.
10:15 of 1st period - Andrew Ladd wins face-off versus Phil Kessel in Canucks zone.
10:59 of 1st period - Shot by Brooks Laich.
10:59 of 1st period - Stopped by Kari Lehtonen without a rebound.
11:00 of 1st period - Tomas Holmstrom wins face-off versus Scott Nichol in Oilers zone.
12:33 of 1st period - Icing by Maxime Talbot.
12:34 of 1st period - Maxime Talbot wins face-off versus Steve Sullivan in Canucks zone.
12:38 of 1st period - Icing by Phil Kessel.
12:39 of 1st period - Derek Roy wins face-off versus Brooks Laich in Canucks zone.
13:30 of 1st period - Icing by Karlis Skrastins.
13:31 of 1st period - Mikko Koivu wins face-off versus Derek Roy in Oilers zone.
13:42 of 1st period - Shot by Corey Perry.
13:42 of 1st period - Shot Misses the Net.
14:12 of 1st period - Dany Heatley is hit by James van Riemsdyk and loses puck.
14:22 of 1st period - Off-side.
14:23 of 1st period - Stephen Weiss wins face-off versus Tomas Holmstrom in neutral zone.
14:32 of 1st period - Shot by Stephen Weiss.
14:32 of 1st period - Shot Misses the Net.
14:59 of 1st period - Icing by Matthew Carle.
15:00 of 1st period - Tomas Holmstrom wins face-off versus Scott Nichol in Canucks zone.
15:26 of 1st period - Icing by Duncan Keith.
15:27 of 1st period - Michal Handzus wins face-off versus Phil Kessel in Canucks zone.
15:28 of 1st period - Shot by Dany Heatley.
15:28 of 1st period - Shot Misses the Net.
16:04 of 1st period - Icing by Michal Handzus.
16:05 of 1st period - Brooks Laich wins face-off versus Michal Handzus in Oilers zone.
16:39 of 1st period - Shot by Jochen Hecht.
16:39 of 1st period - Shot Misses the Net.
16:43 of 1st period - Shot by Jochen Hecht.
16:43 of 1st period - Deflect By Scott Nichol.
16:43 of 1st period - Shot Misses the Net.
17:24 of 1st period - Mike Weaver is hit by James van Riemsdyk and loses puck.
17:52 of 1st period - Matthew Carle is hit by Radek Dvorak and loses puck.
18:09 of 1st period - Shot by David Backes.
18:09 of 1st period - Shot Misses the Net.
18:11 of 1st period - Shot by Matthew Carle.
18:11 of 1st period - Stopped by Kari Lehtonen with a rebound.
18:59 of 1st period - Icing by Karlis Skrastins.
19:00 of 1st period - Derek Roy wins face-off versus James van Riemsdyk in Oilers zone.
19:36 of 1st period - Icing by Roman Hamrlik.
19:37 of 1st period - Michal Handzus wins face-off versus David Backes in Oilers zone.

Period #2

0:01 of 2nd period - Phil Kessel wins face-off versus Stephen Weiss in neutral zone.
0:06 of 2nd period - Icing by Roman Hamrlik.
0:07 of 2nd period - David Backes wins face-off versus Stephen Weiss in Oilers zone.
0:11 of 2nd period - Icing by Chris Phillips.
0:12 of 2nd period - Stephen Weiss wins face-off versus Phil Kessel in Oilers zone.
0:23 of 2nd period - Corey Perry is hit by Steve Sullivan and loses puck.
0:28 of 2nd period - Shot by Dany Heatley.
0:28 of 2nd period - Goal by Dany Heatley - Canucks : 0 - Oilers : 1.
0:29 of 2nd period - Mikko Koivu wins face-off versus Derek Roy in neutral zone.
1:01 of 2nd period - Icing by Mike Weaver.
1:02 of 2nd period - Derek Roy wins face-off versus Phil Kessel in Oilers zone.
1:20 of 2nd period - Shot by Corey Perry.
1:20 of 2nd period - Shot Misses the Net.
1:22 of 2nd period - Shot by Corey Perry.
1:22 of 2nd period - Shot Hit the Post.
1:26 of 2nd period - Shot by Phil Kessel.
1:26 of 2nd period - Shot Hit the Post.
1:42 of 2nd period - Shot by Corey Perry.
1:42 of 2nd period - Goal by Corey Perry - Canucks : 1 - Oilers : 1.
1:43 of 2nd period - Brooks Laich wins face-off versus Stephen Weiss in neutral zone.
2:08 of 2nd period - Shot by Brooks Laich.
2:08 of 2nd period - Stopped by Kari Lehtonen without a rebound.
2:09 of 2nd period - Mikko Koivu wins face-off versus Adam Burish in Oilers zone.
2:41 of 2nd period - Shot by Mikko Koivu.
2:41 of 2nd period - Deflect By David Backes.
2:41 of 2nd period - Shot Misses the Net.
2:56 of 2nd period - Off-side.
2:57 of 2nd period - Dany Heatley wins face-off versus Phil Kessel in neutral zone.
3:08 of 2nd period - Shot by Stephen Weiss.
3:08 of 2nd period - Stopped by Henrik Lundqvist without a rebound.
3:09 of 2nd period - Michal Handzus wins face-off versus Phil Kessel in Canucks zone.
3:10 of 2nd period - Shot by Dany Heatley.
3:10 of 2nd period - Shot Blocked by Duncan Keith.
4:10 of 2nd period - Shot by Loui Eriksson.
4:10 of 2nd period - Stopped by Kari Lehtonen without a rebound.
4:11 of 2nd period - Mikko Koivu wins face-off versus Scott Nichol in Oilers zone.
4:11 of 2nd period - Loui Eriksson is hit by Brent Sopel and loses puck.
4:12 of 2nd period - Double Minor Penalty to Shane OBrien for High sticking.
4:13 of 2nd period - Mikko Koivu wins face-off versus Derek Roy in Oilers zone.
5:19 of 2nd period - Shot by Alex Pietrangelo.
5:19 of 2nd period - Shot Blocked by Brent Sopel.
5:21 of 2nd period - Shot by Alex Pietrangelo.
5:21 of 2nd period - Stopped by Kari Lehtonen with a rebound.
5:25 of 2nd period - Shot by Erik Karlsson.
5:25 of 2nd period - Stopped by Kari Lehtonen without a rebound.
5:26 of 2nd period - Mikko Koivu wins face-off versus Scott Nichol in Oilers zone.
5:29 of 2nd period - Shot by David Backes.
5:29 of 2nd period - Shot Misses the Net.
5:39 of 2nd period - Shot by Mikko Koivu.
5:39 of 2nd period - Deflect By David Backes.
5:39 of 2nd period - Shot Hit the Post.
5:43 of 2nd period - Shot by David Backes.
5:43 of 2nd period - Shot Misses the Net.
5:45 of 2nd period - Shot by Fedor Tyutin.
5:45 of 2nd period - Goal by Fedor Tyutin - Canucks : 2 - Oilers : 1.
5:46 of 2nd period - Derek Roy wins face-off versus Phil Kessel in neutral zone.
6:01 of 2nd period - Shot by Phil Kessel.
6:01 of 2nd period - Stopped by Kari Lehtonen without a rebound.
6:02 of 2nd period - Mikko Koivu wins face-off versus Derek Roy in Oilers zone.
6:17 of 2nd period - Roman Hamrlik is hit by James van Riemsdyk and loses puck.
6:36 of 2nd period - Off-side.
6:37 of 2nd period - Scott Nichol wins face-off versus Phil Kessel in neutral zone.
7:24 of 2nd period - Shot by Fedor Tyutin.
7:24 of 2nd period - Stopped by Kari Lehtonen without a rebound.
7:25 of 2nd period - Loui Eriksson wins face-off versus Derek Roy in Oilers zone.
7:59 of 2nd period - Dmitry Kulikov is hit by Chris Phillips and loses puck.
8:19 of 2nd period - Shot by Dany Heatley.
8:19 of 2nd period - Stopped by Henrik Lundqvist without a rebound.
8:20 of 2nd period - Mikko Koivu wins face-off versus Jochen Hecht in Canucks zone.
8:20 of 2nd period - Alex Pietrangelo is hit by Scott Nichol and loses puck.
8:33 of 2nd period - Shot by Adam Burish.
8:33 of 2nd period - Deflect By Jochen Hecht.
8:33 of 2nd period - Shot Misses the Net.
10:06 of 2nd period - Shot by Tomas Holmstrom.
10:06 of 2nd period - Shot Blocked by Chris Phillips.
10:08 of 2nd period - Shot by Maxime Talbot.
10:08 of 2nd period - Goal by Maxime Talbot - Canucks : 3 - Oilers : 1.
10:09 of 2nd period - Scott Nichol wins face-off versus Brooks Laich in neutral zone.
10:25 of 2nd period - Brooks Laich is hit by Shane OBrien and loses puck.
10:30 of 2nd period - Shot by Dmitry Kulikov.
10:30 of 2nd period - Stopped by Kari Lehtonen without a rebound.
10:31 of 2nd period - Mikko Koivu wins face-off versus Derek Roy in Oilers zone.
10:53 of 2nd period - Shot by Andrew Ladd.
10:53 of 2nd period - Shot Misses the Net.
10:55 of 2nd period - Shot by Karlis Skrastins.
10:55 of 2nd period - Shot Misses the Net.
10:57 of 2nd period - Shot by Karlis Skrastins.
10:57 of 2nd period - Shot Misses the Net.
10:59 of 2nd period - Shot by Roman Hamrlik.
10:59 of 2nd period - Shot Misses the Net.
11:19 of 2nd period - Off-side.
11:20 of 2nd period - Brooks Laich wins face-off versus Scott Nichol in neutral zone.
11:29 of 2nd period - Shot by Loui Eriksson.
11:29 of 2nd period - Stopped by Kari Lehtonen without a rebound.
11:30 of 2nd period - Brooks Laich wins face-off versus Scott Nichol in Oilers zone.
12:42 of 2nd period - Shot by David Backes.
12:42 of 2nd period - Stopped by Kari Lehtonen without a rebound.
12:43 of 2nd period - Derek Roy wins face-off versus Mikko Koivu in Oilers zone.
14:08 of 2nd period - Shot by Tomas Holmstrom.
14:08 of 2nd period - Shot Blocked by Chris Phillips.
14:10 of 2nd period - Shot by Tomas Holmstrom.
14:10 of 2nd period - Shot Misses the Net.
14:12 of 2nd period - Shot by Phil Kessel.
14:12 of 2nd period - Stopped by Kari Lehtonen without a rebound.
14:13 of 2nd period - Mikko Koivu wins face-off versus Scott Nichol in Oilers zone.
14:43 of 2nd period - Alex Pietrangelo is hit by Shane OBrien and loses puck.
16:15 of 2nd period - Tomas Holmstrom is hit by Mike Weaver and loses puck.
16:23 of 2nd period - Minor Penalty to Brooks Laich for Boarding.
16:24 of 2nd period - Brandon Sutter wins face-off versus Stephen Weiss in Canucks zone.
16:24 of 2nd period - Fedor Tyutin is hit by Dany Heatley and loses puck.
16:47 of 2nd period - Shot by Roman Hamrlik.
16:47 of 2nd period - Goal by Roman Hamrlik - Canucks : 3 - Oilers : 2.
16:47 of 2nd period - Brian Boucher enters game.
16:48 of 2nd period - Scott Nichol wins face-off versus Phil Kessel in neutral zone.
16:48 of 2nd period - Scott Nichol is hit by Valtteri Filppula.
16:55 of 2nd period - Off-side.
16:56 of 2nd period - Brooks Laich wins face-off versus Scott Nichol in neutral zone.
18:49 of 2nd period - Alex Pietrangelo is hit by Mike Weaver and loses puck.
18:50 of 2nd period - Minor Penalty to Karlis Skrastins for Roughing.
18:51 of 2nd period - Derek Roy wins face-off versus Phil Kessel in Oilers zone.

Period #3

0:01 of 3rd period - Corey Perry wins face-off versus Derek Roy in neutral zone.
0:11 of 3rd period - Icing by Phil Kessel.
0:12 of 3rd period - Scott Nichol wins face-off versus Phil Kessel in Canucks zone.
0:31 of 3rd period - Shot by Alex Pietrangelo.
0:31 of 3rd period - Shot Misses the Net.
0:33 of 3rd period - Shot by Alex Pietrangelo.
0:33 of 3rd period - Stopped by Kari Lehtonen without a rebound.
0:34 of 3rd period - Scott Nichol wins face-off versus Mikko Koivu in Oilers zone.
1:05 of 3rd period - Shot by Loui Eriksson.
1:05 of 3rd period - Shot Misses the Net.
1:09 of 3rd period - Shot by Loui Eriksson.
1:09 of 3rd period - Shot Misses the Net.
1:11 of 3rd period - Shot by Loui Eriksson.
1:11 of 3rd period - Stopped by Kari Lehtonen with a rebound.
1:23 of 3rd period - Maxime Talbot is hit by Steve Sullivan and loses puck.
2:31 of 3rd period - Loui Eriksson is hit by Dany Heatley and loses puck.
2:41 of 3rd period - Major / Game Misconduct Penalty to Alex Pietrangelo for Unsportsmanlike conduct.
2:41 of 3rd period - Alex Pietrangelo is ejected from game.
2:42 of 3rd period - Derek Roy wins face-off versus Brandon Sutter in Canucks zone.
3:17 of 3rd period - Shot by Mike Weaver.
3:17 of 3rd period - Shot Misses the Net.
3:19 of 3rd period - Shot by Radek Dvorak.
3:19 of 3rd period - Stopped by Brian Boucher without a rebound.
3:20 of 3rd period - Brandon Sutter wins face-off versus Derek Roy in Canucks zone.
4:08 of 3rd period - Icing by Jochen Hecht.
4:09 of 3rd period - Michal Handzus wins face-off versus Brandon Sutter in Oilers zone.
5:12 of 3rd period - Shot by Stephen Weiss.
5:12 of 3rd period - Stopped by Brian Boucher with a rebound.
5:14 of 3rd period - Shot by Stephen Weiss.
5:14 of 3rd period - Deflect By Dany Heatley.
5:14 of 3rd period - Stopped by Brian Boucher without a rebound.
5:15 of 3rd period - Derek Roy wins face-off versus Corey Perry in Canucks zone.
5:17 of 3rd period - Andrew Ladd is hit by Dmitry Kulikov and loses puck.
7:40 of 3rd period - Shot by Stephen Weiss.
7:40 of 3rd period - Shot Misses the Net.
7:45 of 3rd period - Jochen Hecht is hit by Erik Karlsson and loses puck.
7:50 of 3rd period - Shot by Scott Nichol.
7:50 of 3rd period - Stopped by Brian Boucher with a rebound.
7:52 of 3rd period - Shot by Scott Nichol.
7:52 of 3rd period - Stopped by Brian Boucher with a rebound.
7:54 of 3rd period - Shot by Jochen Hecht.
7:54 of 3rd period - Stopped by Brian Boucher without a rebound.
7:55 of 3rd period - Corey Perry wins face-off versus Stephen Weiss in Canucks zone.
8:56 of 3rd period - Shot by Kris Russell.
8:56 of 3rd period - Deflect By Brooks Laich.
8:56 of 3rd period - Stopped by Kari Lehtonen without a rebound.
8:57 of 3rd period - Mikko Koivu wins face-off versus Scott Nichol in Oilers zone.
9:31 of 3rd period - Off-side.
9:32 of 3rd period - Derek Roy wins face-off versus Phil Kessel in neutral zone.
9:34 of 3rd period - Off-side.
9:35 of 3rd period - Derek Roy wins face-off versus Brooks Laich in neutral zone.
11:57 of 3rd period - Shot by Adam Burish.
11:57 of 3rd period - Shot Misses the Net.
11:59 of 3rd period - Shot by Stephen Weiss.
11:59 of 3rd period - Shot Misses the Net.
12:01 of 3rd period - Shot by Jochen Hecht.
12:01 of 3rd period - Goal by Jochen Hecht - Canucks : 3 - Oilers : 3.
12:02 of 3rd period - Derek Roy wins face-off versus Phil Kessel in neutral zone.
12:21 of 3rd period - Stephen Weiss is hit by Corey Perry.
12:28 of 3rd period - Icing by Phil Kessel.
12:29 of 3rd period - Stephen Weiss wins face-off versus Phil Kessel in Canucks zone.
12:36 of 3rd period - Shot by Dany Heatley.
12:36 of 3rd period - Stopped by Brian Boucher with a rebound.
12:38 of 3rd period - Shot by Dany Heatley.
12:38 of 3rd period - Shot Blocked by Valtteri Filppula.
12:42 of 3rd period - Shot by Dany Heatley.
12:42 of 3rd period - Deflect By Stephen Weiss.
12:42 of 3rd period - Stopped by Brian Boucher without a rebound.
12:43 of 3rd period - Adam Burish wins face-off versus Mikko Koivu in Canucks zone.
12:50 of 3rd period - Shot by Jochen Hecht.
12:50 of 3rd period - Shot Misses the Net.
12:52 of 3rd period - Shot by Shane OBrien.
12:52 of 3rd period - Shot Misses the Net.
12:54 of 3rd period - Shot by Scott Nichol.
12:54 of 3rd period - Deflect By Jochen Hecht.
12:54 of 3rd period - Shot Misses the Net.
13:00 of 3rd period - Shot by Jochen Hecht.
13:00 of 3rd period - Stopped by Brian Boucher without a rebound.
13:01 of 3rd period - Derek Roy wins face-off versus Mikko Koivu in Canucks zone.
13:04 of 3rd period - Shot by Derek Roy.
13:04 of 3rd period - Shot Misses the Net.
14:04 of 3rd period - Shot by Tomas Holmstrom.
14:04 of 3rd period - Deflect By James van Riemsdyk.
14:04 of 3rd period - Shot Blocked by Mike Weaver.
14:06 of 3rd period - Shot by Maxime Talbot.
14:06 of 3rd period - Shot Blocked by Mike Weaver.
14:19 of 3rd period - Off-side.
14:20 of 3rd period - Brooks Laich wins face-off versus Dany Heatley in neutral zone.
14:41 of 3rd period - Shot by David Backes.
14:41 of 3rd period - Stopped by Kari Lehtonen without a rebound.
14:42 of 3rd period - Scott Nichol wins face-off versus Phil Kessel in Oilers zone.
15:14 of 3rd period - Icing by Brent Sopel.
15:15 of 3rd period - Scott Nichol wins face-off versus Mikko Koivu in Oilers zone.
16:12 of 3rd period - Shot by Phil Kessel.
16:12 of 3rd period - Deflect By Corey Perry.
16:12 of 3rd period - Stopped by Kari Lehtonen without a rebound.
16:13 of 3rd period - Mikko Koivu wins face-off versus Derek Roy in Oilers zone.
16:16 of 3rd period - Shot by Corey Perry.
16:16 of 3rd period - Stopped by Kari Lehtonen with a rebound.
16:23 of 3rd period - Icing by Derek Roy.
16:24 of 3rd period - Phil Kessel wins face-off versus Derek Roy in Oilers zone.
17:50 of 3rd period - Shot by Stephen Weiss.
17:50 of 3rd period - Stopped by Brian Boucher without a rebound.
17:51 of 3rd period - Scott Nichol wins face-off versus Tomas Holmstrom in Canucks zone.
18:00 of 3rd period - Shot by Scott Nichol.
18:00 of 3rd period - Shot Blocked by Brooks Laich.
18:02 of 3rd period - Shot by Shane OBrien.
18:02 of 3rd period - Shot Misses the Net.
18:06 of 3rd period - Shot by Jochen Hecht.
18:06 of 3rd period - Stopped by Brian Boucher without a rebound.
18:07 of 3rd period - Tomas Holmstrom wins face-off versus Stephen Weiss in Canucks zone.
18:07 of 3rd period - Tomas Holmstrom is hit by Dany Heatley.
18:12 of 3rd period - Brooks Laich is hit by Dany Heatley and loses puck.
18:38 of 3rd period - Icing by Chris Phillips.
18:39 of 3rd period - Stephen Weiss wins face-off versus David Backes in Oilers zone.
18:39 of 3rd period - Stephen Weiss is hit by David Backes.
18:53 of 3rd period - Shot by Brent Sopel.
18:53 of 3rd period - Stopped by Brian Boucher with a rebound.
18:57 of 3rd period - Shot by Scott Nichol.
18:57 of 3rd period - Shot Blocked by Matthew Carle.
18:59 of 3rd period - Shot by Adam Burish.
18:59 of 3rd period - Stopped by Brian Boucher without a rebound.
19:00 of 3rd period - Stephen Weiss wins face-off versus Phil Kessel in Canucks zone.

Overtime #1

0:01 of 1st overtime period - Stephen Weiss wins face-off versus Phil Kessel in neutral zone.
0:21 of 1st overtime period - Shot by Corey Perry.
0:21 of 1st overtime period - Stopped by Kari Lehtonen without a rebound.
0:22 of 1st overtime period - Derek Roy wins face-off versus Mikko Koivu in Oilers zone.
0:29 of 1st overtime period - Icing by David Backes.
0:30 of 1st overtime period - Scott Nichol wins face-off versus Mikko Koivu in Canucks zone.
0:34 of 1st overtime period - Minor Penalty to Matthew Carle for Tripping.
0:35 of 1st overtime period - Brandon Sutter wins face-off versus Derek Roy in Canucks zone.
0:35 of 1st overtime period - Brandon Sutter is hit by Derek Roy.
0:42 of 1st overtime period - Icing by Mike Weaver.
0:43 of 1st overtime period - Brandon Sutter wins face-off versus Derek Roy in Oilers zone.
0:43 of 1st overtime period - Brandon Sutter is hit by Mike Weaver.
2:35 of 1st overtime period - Shot by Jochen Hecht.
2:35 of 1st overtime period - Stopped by Brian Boucher without a rebound.
2:36 of 1st overtime period - Mikko Koivu wins face-off versus Scott Nichol in Canucks zone.
2:42 of 1st overtime period - Scott Nichol is hit by Matthew Carle and loses puck.
3:47 of 1st overtime period - Shot by Phil Kessel.
3:47 of 1st overtime period - Shot Blocked by Chris Phillips.
3:53 of 1st overtime period - Shot by Valtteri Filppula.
3:53 of 1st overtime period - Shot Misses the Net.
3:55 of 1st overtime period - Shot by Corey Perry.
3:55 of 1st overtime period - Shot Blocked by Chris Phillips.
3:59 of 1st overtime period - Shot by Phil Kessel.
3:59 of 1st overtime period - Shot Misses the Net.
4:01 of 1st overtime period - Shot by Corey Perry.
4:01 of 1st overtime period - Shot Misses the Net.
4:03 of 1st overtime period - Shot by Corey Perry.
4:03 of 1st overtime period - Goal by Corey Perry - Canucks : 4 - Oilers : 3.


Output by the SimonT Hockey Simulator (STHS) for Stephane Roy -- Original Page W3C XHTML 1.0 Valid